[Event "Titled Tuesday Blitz September 14 2021"]
[White "Stribuk, Artiom"]
[Black "Timmermans, Mark"]
[WhiteFideId "13515659"]
[BlackFideId "1026399"]
[WhiteElo "2224"]
[BlackElo "2460"]
[Result "1/2-1/2"]
[Round "07"]
[TimeControl "180+1"]
[Date "2021.09.15"]
[WhiteClock "0:00:11"]
[BlackClock "0:00:19"]

1. d4 Nf6 2. c4 e6 3. Nf3 d5 4. g3 Be7 5. Bg2 O-O 6. O-O dxc4 7. Na3 b6 8. Ne5 Nd5 9. Naxc4 Bb7 10. e4 Nf6 11. f3 Nbd7 12. Be3 c5 13. Nxd7 Nxd7 14. Rc1 cxd4 15. Bxd4 Ba6 16. Rf2 Rc8 17. Bf1 Bc5 18. Bxc5 Nxc5 19. Rd2 Qf6 20. b4 Nb7 21. e5 Qh6 22. f4 g5 23. Qg4 b5 24. fxg5 Qg6 25. a4 bxc4 26. b5 Na5 27. bxa6 Nb3 28. Rdc2 Nxc1 29. Rxc1 c3 30. Qd4 Rfd8 31. Qxa7 Qe4 32. Qf2 Rd2 33. Qf4 Qxf4 34. gxf4 c2 35. a7 Rd1 36. Rxc2 Ra8 37. Rc7 Ra1 38. Kf2 Rxa4 39. Bg2 R8xa7 40. Rxa7 Rxa7 41. h4 Kg7 42. Kg3 h6 43. Bf3 Ra4 44. Kg4 hxg5 45. hxg5 Ra1 46. Be4 Rg1+ 47. Kf3 Rf1+ 48. Ke3 Ra1 49. Kf3 Kf8 50. Ke3 Ke7 51. Kf3 Rg1 52. Ke3 Kd8 53. Kf2 Ra1 54. Kf3 Ke7 55. Ke3 Ra3+ 56. Kf2 Ra4 57. Kf3 Ra3+ 58. Kf2 Ra4 59. Kf3 Ra3+ 60. Kf2 1/2-1/2


[Site "https://www.chess.com"]

[Event "Titled Tuesday Blitz September 14 2021"]
[White "Svane, Rasmus"]
[Black "Khusnutdinov, Rustam"]
[WhiteFideId "4657101"]
[BlackFideId "13701703"]
[WhiteElo "2643"]
[BlackElo "2571"]
[Result "0-1"]
[Round "07"]
[TimeControl "180+1"]
[Date "2021.09.15"]
[WhiteClock "0:00:03"]
[BlackClock "0:00:24"]

1. Nf3 d5 2. g3 Nd7 3. d4 Nb6 4. Nc3 Bf5 5. a4 a5 6. Nh4 Bg4 7. Qd3 e6 8. e4 Nf6 9. Bg2 Bb4 10. exd5 exd5 11. O-O O-O 12. Nd1 Qd7 13. Ne3 Bh3 14. c3 Bd6 15. Nef5 Bxg2 16. Kxg2 Rfe8 17. Bg5 Ne4 18. Nxd6 cxd6 19. Bc1 Nxa4 20. f3 Nf6 21. Rf2 Re6 22. Bg5 h6 23. Bxf6 Rxf6 24. b3 Nb6 25. f4 Re6 26. f5 Re4 27. f6 g6 28. Nf3 a4 29. bxa4 Rxa4 30. Rxa4 Qxa4 31. Qb1 Qc6 32. Nd2 Re6 33. Qc1 Nd7 34. Nf3 Kh7 35. Ng5+ hxg5 36. Qxg5 Qxc3 37. Rf4 Kg8 38. Qh6 Nxf6 39. Rh4 Qc2+ 40. Kf1 Qe2+ 41. Kg1 Qe1+ 42. Kg2 Re2+ 43. Kh3 Qf1# 0-1


[Site "https://www.chess.com"]

[Event "Titled Tuesday Blitz September 14 2021"]
[White "Sviridov_Valery"]
[Black "Jobava, Baadur"]
[BlackFideId "13601520"]
[WhiteElo "2969"]
[BlackElo "2731"]
[Result "0-1"]
[Round "07"]
[TimeControl "180+1"]
[Date "2021.09.15"]
[WhiteClock "0:00:19"]
[BlackClock "0:00:24"]

1. Nf3 d5 2. g3 c6 3. Bg2 Nf6 4. O-O Bf5 5. c4 e6 6. cxd5 exd5 7. d3 Be7 8. Nc3 O-O 9. Qb3 Qc8 10. e4 dxe4 11. dxe4 Be6 12. Qc2 Na6 13. a3 Rd8 14. b4 h6 15. Be3 Bh3 16. Rad1 Bxg2 17. Kxg2 Nc7 18. Nd4 Ne6 19. Nf5 Bf8 20. f3 Qc7 21. Ne2 a5 22. Qb3 axb4 23. axb4 h5 24. Nf4 Re8 25. Nxe6 Rxe6 26. Rf2 g6 27. Nd4 Ree8 28. Rfd2 Bg7 29. Qc4 Qc8 30. h3 Ra3 31. Bf2 Ra8 32. Nb3 Ra3 33. Nc5 b5 34. Qc1 Qa8 35. h4 Bh6 36. f4 Bf8 37. Nd7 Nxe4 38. Re2 c5 39. Kh2 Bg7 40. Nxc5 Nxf2 41. Rxf2 Ree3 42. Rg2 Bf6 43. Nd7 Bg7 44. Nb6 Qe4 45. Nd5 Re2 46. Qc8+ Kh7 47. Qh3 Raa2 0-1


[Site "https://www.chess.com"]

[Event "Titled Tuesday Blitz September 14 2021"]
[White "Visakh N R"]
[Black "Sargsyan, Anna M."]
[WhiteFideId "25012223"]
[BlackFideId "13308130"]
[WhiteElo "2454"]
[BlackElo "2263"]
[Result "1-0"]
[Round "07"]
[TimeControl "180+1"]
[Date "2021.09.15"]
[WhiteClock "0:00:04"]
[BlackClock "0:00:03"]

1. d4 d5 2. c4 c6 3. Nc3 Nf6 4. e3 e6 5. Nf3 Nbd7 6. b3 Bb4 7. Bd2 O-O 8. Qc2 b6 9. Bd3 Bb7 10. O-O Rc8 11. Nxd5 Nxd5 12. cxd5 cxd5 13. Qb1 Bxd2 14. Nxd2 Nf6 15. Qb2 Qd7 16. Qa3 a5 17. Nf3 Rc3 18. Ne5 Qc7 19. Rad1 Rc8 20. f4 b5 21. Qb2 Ne4 22. Qe2 b4 23. f5 f6 24. Ng4 exf5 25. Rxf5 Qe7 26. Rff1 Qe6 27. Nf2 Nd6 28. Nh3 Re8 29. Rde1 Ne4 30. Nf4 Qd6 31. Qh5 Re7 32. h4 Bc6 33. Qf5 Rxd3 34. Nxd3 Ng3 35. Qf4 Qxf4 36. Rxf4 Ne4 37. Rc1 Nc3 38. Kf2 Bb5 39. Nc5 Ne2 40. Re1 Nc3 41. h5 Kf7 42. Rf5 g6 43. hxg6+ hxg6 44. Rf4 g5 45. Rf5 Kg6 46. g4 a4 47. bxa4 Bc4 48. Rh1 Nxa2 49. Rh8 Nc3 50. Rg8+ Kf7 51. Rb8 Nd1+ 52. Kg3 Nxe3 53. Rf3 Nc2 54. Rb6 Nxd4 55. Rfxf6+ Kg7 56. Rg6+ Kh7 57. Rh6+ Kg7 58. Rbg6+ Kf7 59. Rf6+ Kg7 60. Rhg6+ Kh7 61. Rxg5 Ne2+ 62. Kh4 b3 63. Ne6 Rxe6 64. Rxe6 Nd4 65. Re7+ Kh6 66. Rb7 Nf3+ 67. Kg3 Nxg5 68. a5 Ne4+ 69. Kf4 Nc5 70. g5+ Kg6 71. Rb6+ Kf7 72. Kf5 Na4 73. Rb7+ Kf8 74. Kf6 Ke8 75. g6 d4 76. g7 b2 77. a6 Nc5 78. Rb8+ Kd7 79. a7 Nb3 80. Rxb3 Bxb3 81. a8=Q b1=Q 82. Qb7+ Kd6 83. Qb6+ Kd7 84. Qb5+ Kd6 85. Qe5+ Kd7 86. Qf5+ Kc7 87. Qxb1 1-0


[Site "https://www.chess.com"]

[Event "Titled Tuesday Blitz September 14 2021"]
[White "Yoo, Christopher Woojin"]
[Black "Godzwon, Iwo"]
[WhiteFideId "30909694"]
[BlackFideId "21802483"]
[WhiteElo "2105"]
[BlackElo "2201"]
[Result "1-0"]
[Round "07"]
[TimeControl "180+1"]
[Date "2021.09.15"]
[WhiteClock "0:00:04"]
[BlackClock "0:00:07"]

1. e4 c5 2. Nf3 e6 3. c3 Nf6 4. e5 Nd5 5. d4 cxd4 6. cxd4 d6 7. Bc4 Nb6 8. Bd3 Nc6 9. O-O Be7 10. Nc3 O-O 11. Qe2 d5 12. a3 Bd7 13. b4 Rc8 14. Bb2 Nc4 15. Bxc4 dxc4 16. Rfd1 Re8 17. d5 exd5 18. Rxd5 Qc7 19. Nb5 Qb6 20. Nxa7 Nxa7 21. Rxd7 Qb5 22. Qd2 Red8 23. Rxd8+ Rxd8 24. Qc2 Qd5 25. Rc1 b5 26. Nd4 Nc6 27. Nf5 Bf8 28. Ne3 Qe6 29. Qe4 Rd2 30. Bc3 Rd3 31. Nf5 g6 32. Ne3 Bh6 33. f4 f5 34. Qf3 Kf7 35. g4 fxg4 36. Qe4 g3 37. hxg3 Qh3 38. Kf2 Qh2+ 39. Kf3 Qh5+ 40. Kf2 Qh2+ 41. Qg2 Qxg2+ 42. Nxg2 Ne7 43. Ne3 Nf5 44. Nxf5 gxf5 45. Rh1 Rxc3 46. Rxh6 Rxa3 47. Rb6 Ra2+ 48. Ke3 Ra3+ 49. Kd4 Rd3+ 50. Kc5 c3 51. Kxb5 Rxg3 52. Rc6 Rf3 53. Ka5 h5 54. b5 c2 55. Rxc2 Rxf4 56. b6 Rf1 57. Rb2 Ra1+ 58. Kb5 Ra8 59. Kc6 Ke6 60. b7 Rb8 61. Re2 f4 62. Kc7 f3 63. Rf2 Rxb7+ 64. Kxb7 Kxe5 65. Rxf3 h4 66. Rh3 Ke4 67. Rxh4+ 1-0


[Site "https://www.chess.com"]

[Event "Titled Tuesday Blitz September 14 2021"]
[White "Aldokhin, Ivan"]
[Black "Khanin, Semen"]
[WhiteFideId "24115720"]
[BlackFideId "4111990"]
[WhiteElo "2265"]
[BlackElo "2449"]
[Result "0-1"]
[Round "08"]
[TimeControl "180+1"]
[Date "2021.09.15"]
[WhiteClock "0:00:04"]
[BlackClock "0:01:07"]

1. e4 c6 2. Nc3 d5 3. Nf3 dxe4 4. Nxe4 Nf6 5. Nxf6+ exf6 6. d4 Bd6 7. Bc4 O-O 8. O-O Na6 9. h3 Nc7 10. Re1 a5 11. a4 Nd5 12. Bd3 Bc7 13. c3 Qd6 14. Qc2 h6 15. b3 Rd8 16. Ba3 Qd7 17. Nh4 Bd6 18. Bc1 Qc7 19. Nf5 Bxf5 20. Bxf5 Re8 21. Bd2 Bh2+ 22. Kf1 Bf4 23. Rxe8+ Rxe8 24. Re1 Rxe1+ 25. Bxe1 g6 26. Be4 Kg7 27. Qd3 Bd6 28. c4 Nb4 29. Qf3 f5 30. Bb1 Be7 31. Bc3 Bf6 32. g4 fxg4 33. hxg4 Qd6 34. Be4 Bxd4 35. Bd2 Be5 36. Be3 Na2 37. c5 Qe6 38. Bd3 Qxb3 39. Qe4 Bf6 40. Bc4 Qd1+ 41. Kg2 Nc3 42. Qf4 g5 43. Qf5 Qxa4 44. Bd3 Nd5 45. Qh7+ Kf8 46. Qxh6+ Ke7 47. Bf5 Nxe3+ 48. fxe3 Qa2+ 49. Kf3 Qd5+ 50. Kf2 Qxc5 51. Qh7 a4 52. Bg6 Qd5 53. Be4 Qd2+ 54. Kf3 a3 55. Qf5 a2 56. Qc5+ Qd6 57. Qa7 a1=Q 58. Qxb7+ Kf8 59. Qc8+ Kg7 60. Qf5 Qf1# 0-1


[Site "https://www.chess.com"]

[Event "Titled Tuesday Blitz September 14 2021"]
[White "Coto Mederos, Michel"]
[Black "Suleymanli, Aydin"]
[WhiteFideId "3508528"]
[BlackFideId "13413937"]
[WhiteElo "2427"]
[BlackElo "2506"]
[Result "0-1"]
[Round "08"]
[TimeControl "180+1"]
[Date "2021.09.15"]
[WhiteClock "0:00:12"]
[BlackClock "0:00:09"]

1. c4 e5 2. Nc3 Nc6 3. g3 Bc5 4. Bg2 d6 5. e3 h5 6. h4 Bg4 7. Nge2 Nf6 8. b3 Qd7 9. Bb2 Qf5 10. a3 Bf3 11. Bh3 Ng4 12. Rf1 Nd4 13. e4 Nxf2 14. Kxf2 Qxh3 15. Ke1 Bg2 16. Nxd4 Qxg3+ 17. Rf2 Bxd4 18. Qe2 c6 19. d3 Bh3 20. Nd1 Bg4 21. Qf1 Bxf2+ 22. Nxf2 Qe3+ 23. Qe2 Qxe2# 0-1


[Site "https://www.chess.com"]

[Event "Titled Tuesday Blitz September 14 2021"]
[White "Demchenko, Anton"]
[Black "Bluebaum, Matthias"]
[WhiteFideId "4160258"]
[BlackFideId "24651516"]
[WhiteElo "2583"]
[BlackElo "2681"]
[Result "0-1"]
[Round "08"]
[TimeControl "180+1"]
[Date "2021.09.15"]
[WhiteClock "0:00:03"]
[BlackClock "0:01:10"]

1. e4 e6 2. d4 d5 3. Nc3 Nf6 4. Bg5 h6 5. Bxf6 Qxf6 6. exd5 Bb4 7. Bb5+ Bd7 8. Bxd7+ Nxd7 9. dxe6 Qxe6+ 10. Qe2 Bxc3+ 11. bxc3 Qxe2+ 12. Kxe2 O-O-O 13. Nf3 Rhe8+ 14. Kd1 Nf6 15. Re1 Ne4 16. Re3 c5 17. Ke1 Nxc3 18. dxc5 Kc7 19. a3 Kc6 20. Nd4+ Kxc5 21. Nb3+ Kc6 22. Rxe8 Rxe8+ 23. Kd2 Ne4+ 24. Ke3 Nc5+ 25. Kd2 Rd8+ 26. Ke2 Ne4 27. f3 Nc3+ 28. Ke3 Kb5 29. h4 b6 30. Nd4+ Kc4 31. Nc6 Re8+ 32. Kf4 Kc5 33. Nb4 a5 34. Nd3+ Kd4 35. Kf5 Re2 36. g4 Nd5 37. g5 Rg2 0-1


[Site "https://www.chess.com"]

[Event "Titled Tuesday Blitz September 14 2021"]
[White "Djordjevic, Vuk"]
[Black "Ibrahimli, Murad"]
[WhiteFideId "902098"]
[BlackFideId "13410229"]
[WhiteElo "2463"]
[BlackElo "2109"]
[Result "0-1"]
[Round "08"]
[TimeControl "180+1"]
[Date "2021.09.15"]
[WhiteClock "0:00:02"]
[BlackClock "0:00:19"]

1. d4 Nf6 2. Bg5 Ne4 3. Bf4 c5 4. f3 Qa5+ 5. c3 Nf6 6. d5 Qb6 7. Bc1 e6 8. e4 exd5 9. exd5 Be7 10. Na3 d6 11. Bd3 O-O 12. Nc4 Qc7 13. Ne3 Re8 14. Ne2 Nbd7 15. O-O Ne5 16. Bc2 Bf8 17. c4 b5 18. cxb5 a6 19. bxa6 Bxa6 20. Re1 g6 21. Nc3 Bg7 22. f4 Neg4 23. h3 Nxe3 24. Bxe3 Nh5 25. Kh2 Rab8 26. Qc1 Qd8 27. g4 Qh4 28. gxh5 Bc8 29. Ne4 Qxh3+ 30. Kg1 Bxb2 31. Qd2 Bf5 32. Nxd6 Bxc2 33. Nxe8 Be4 34. Qh2 Qg4+ 35. Kf2 Bxa1 36. Bc1 Bd4+ 37. Kf1 Bd3+ 38. Re2 Rxe8 0-1


[Site "https://www.chess.com"]

[Event "Titled Tuesday Blitz September 14 2021"]
[White "Dobrov, Vladimir"]
[Black "Sviridov_Valery"]
[WhiteFideId "4136594"]
[WhiteElo "2614"]
[BlackElo "2961"]
[Result "0-1"]
[Round "08"]
[TimeControl "180+1"]
[Date "2021.09.15"]
[WhiteClock "0:00:06"]
[BlackClock "0:00:13"]

1. d4 g6 2. e4 Bg7 3. Nc3 d6 4. Bg5 a6 5. Qd2 b5 6. f4 Bb7 7. Nf3 Nd7 8. a4 b4 9. Nd5 a5 10. Bd3 Ngf6 11. Nxf6+ exf6 12. Bh4 O-O 13. O-O Re8 14. Rae1 Nb6 15. b3 c5 16. f5 Qc7 17. dxc5 dxc5 18. Bg3 Qc8 19. fxg6 hxg6 20. Qf2 Re6 21. e5 c4 22. Nd4 f5 23. Nxe6 Qxe6 24. Be2 cxb3 25. cxb3 Rc8 26. Rc1 Nd5 27. Rxc8+ Qxc8 28. Bc4 Nc3 29. Re1 Ne4 30. Qd4 Bf8 31. Qd3 Bc5+ 32. Kh1 Bf2 33. Rf1 Nxg3+ 34. hxg3 Bc5 35. g4 Kg7 36. Qh3 Be4 37. gxf5 Bxf5 38. Qh4 Qf8 39. Qf6+ Kg8 40. Qh4 Be7 41. Qh2 Qc8 42. Qh6 Bf8 43. Qh4 Qe8 44. g4 Be4+ 45. Kg1 Bc5+ 46. Kh2 Qxe5+ 47. Qg3 Qb2+ 48. Kh3 Qh8+ 49. Qh4 Bg2+ 50. Kg3 Bd6+ 51. Kxg2 Qxh4 0-1


[Site "https://www.chess.com"]

[Event "Titled Tuesday Blitz September 14 2021"]
[White "Eljanov, Pavel"]
[Black "Zarubitski, Viachaslau"]
[WhiteFideId "14102951"]
[BlackFideId "13509373"]
[WhiteElo "2602"]
[BlackElo "2315"]
[Result "1-0"]
[Round "08"]
[TimeControl "180+1"]
[Date "2021.09.15"]
[WhiteClock "0:01:16"]
[BlackClock "0:00:13"]

1. c4 c6 2. Nf3 d5 3. g3 Nf6 4. Bg2 Bf5 5. Qb3 Qb6 6. d3 e6 7. Be3 Qxb3 8. axb3 Na6 9. Nd4 Bg6 10. Nxc6 Ng4 11. Nd2 Nxe3 12. fxe3 bxc6 13. Rxa6 Kd7 14. e4 d4 15. e5 Rc8 16. Rxa7+ Rc7 17. Ra8 h5 18. h4 f6 19. Kd1 fxe5 20. Kc2 Rc8 21. Rxc8 Kxc8 22. Bxc6 Bf5 23. Ra1 Kc7 24. Be4 Bb4 25. Nf3 Bd6 26. Ra7+ Kb6 27. Rxg7 Kc5 28. Nd2 Ra8 29. Bxa8 1-0


[Site "https://www.chess.com"]

[Event "Titled Tuesday Blitz September 14 2021"]
[White "Hansen, Eric"]
[Black "Keymer, Vincent"]
[WhiteFideId "2606771"]
[BlackFideId "12940690"]
[WhiteElo "2568"]
[BlackElo "2524"]
[Result "0-1"]
[Round "08"]
[TimeControl "180+1"]
[Date "2021.09.15"]
[WhiteClock "0:00:01"]
[BlackClock "0:00:16"]

1. e4 c6 2. Nf3 d5 3. d3 dxe4 4. dxe4 Qxd1+ 5. Kxd1 Nd7 6. Nfd2 f5 7. f3 Ngf6 8. Nc3 g6 9. exf5 gxf5 10. Nc4 Bg7 11. Be3 Nd5 12. Bd2 O-O 13. Ke1 Nc5 14. Nd1 e5 15. c3 a5 16. Nde3 Be6 17. Rd1 f4 18. Nxd5 cxd5 19. Nb6 Rad8 20. b4 axb4 21. cxb4 Nd7 22. Nxd7 Bxd7 23. g3 Ba4 24. Rc1 fxg3 25. hxg3 Rxf3 26. Bg2 Rxg3 27. Kf2 Rg6 28. Bh3 e4 29. Rc7 d4 30. Ke1 e3 31. Bc1 Rf8 32. Bf1 Bc6 33. Bc4+ Kh8 34. Rf1 Rxf1+ 35. Kxf1 h5 36. b5 Be4 37. Re7 Bf3 38. Re8+ Kh7 39. Bd3 Kh6 40. Bxg6 Kxg6 0-1


[Site "https://www.chess.com"]

[Event "Titled Tuesday Blitz September 14 2021"]
[White "Janaszak, Dawid"]
[Black "Timmermans, Mark"]
[WhiteFideId "1119206"]
[BlackFideId "1026399"]
[WhiteElo "2283"]
[BlackElo "2460"]
[Result "0-1"]
[Round "08"]
[TimeControl "180+1"]
[Date "2021.09.15"]
[WhiteClock "0:00:20"]
[BlackClock "0:01:06"]

1. e4 e5 2. Nf3 Nc6 3. d4 exd4 4. Nxd4 Nf6 5. Nxc6 bxc6 6. e5 Qe7 7. Qe2 Nd5 8. h4 f6 9. exf6 Qxe2+ 10. Bxe2 Nxf6 11. Nd2 d5 12. Nb3 c5 13. Bg5 Bd6 14. O-O-O c6 15. Na5 Kd7 16. Bf3 Kc7 17. Rhe1 Bg4 18. Bxg4 Nxg4 19. f3 Ne5 20. Nb3 Kb6 21. Bd2 a5 22. a4 Nc4 23. Bc3 d4 24. Bd2 Rhe8 25. h5 Bg3 26. Rh1 Re2 27. h6 g6 28. Be1 Bf4+ 29. Kb1 Rxg2 30. Bh4 g5 31. Be1 Re8 32. Nd2 Nxd2+ 0-1


[Site "https://www.chess.com"]

[Event "Titled Tuesday Blitz September 14 2021"]
[White "Jobava, Baadur"]
[Black "Nakamura, Hikaru"]
[WhiteFideId "13601520"]
[BlackFideId "2016192"]
[WhiteElo "2731"]
[BlackElo "2884"]
[Result "0-1"]
[Round "08"]
[TimeControl "180+1"]
[Date "2021.09.15"]
[WhiteClock "0:00:23"]
[BlackClock "0:00:39"]

1. e4 c6 2. c4 e5 3. Nc3 Nf6 4. Nf3 Qa5 5. Be2 Bb4 6. O-O O-O 7. d3 d6 8. Bd2 Qd8 9. a3 Ba5 10. b4 Bc7 11. Rc1 a5 12. h3 h6 13. Be3 Re8 14. Qd2 axb4 15. axb4 Nbd7 16. Rfe1 Bb6 17. Bf1 Bxe3 18. Rxe3 c5 19. bxc5 Nxc5 20. Rb1 Bd7 21. Ree1 Bc6 22. Rb2 Ra3 23. Reb1 Qa5 24. Nd5 Qxd2 25. Nxf6+ gxf6 26. Rxd2 f5 27. exf5 Bxf3 28. gxf3 Nb3 29. Rdb2 Nd4 30. Rxb7 Kg7 31. Rd7 Nxf5 32. Rbb7 Rf8 33. h4 Ra1 34. h5 Kf6 35. c5 Rg8+ 36. Kh2 Rxf1 37. Rxf7+ Ke6 38. cxd6 Rxf2+ 39. Kh1 Ra8 40. Kg1 Rd2 41. Ra7 Rxa7 42. Rxa7 Rxd3 0-1


[Site "https://www.chess.com"]

[Event "Titled Tuesday Blitz September 14 2021"]
[White "Kamsky, Gata"]
[Black "Sadhwani, Raunak"]
[WhiteFideId "2000024"]
[BlackFideId "35093487"]
[WhiteElo "2603"]
[BlackElo "2517"]
[Result "1-0"]
[Round "08"]
[TimeControl "180+1"]
[Date "2021.09.15"]
[WhiteClock "0:00:10"]
[BlackClock "0:00:03"]

1. d4 Nf6 2. Nf3 g6 3. Bg5 Bg7 4. c3 O-O 5. Nbd2 d6 6. e4 Nc6 7. Bd3 e5 8. O-O h6 9. Bh4 g5 10. Bg3 Nh5 11. dxe5 Nxg3 12. fxg3 g4 13. Nh4 Nxe5 14. Nc4 Nxd3 15. Qxd3 Be6 16. Nf5 Qg5 17. Nce3 Be5 18. Rf2 h5 19. Raf1 Rad8 20. b3 a6 21. c4 c6 22. h4 Qf6 23. Nd4 Qg6 24. Nef5 Kh7 25. Ne2 d5 26. cxd5 cxd5 27. Nf4 Bxf4 28. Rxf4 dxe4 29. Qxe4 Rd2 30. Qxb7 Bd5 31. Qd7 Rxg2+ 32. Kh1 Rd2+ 33. Kg1 Rg2+ 34. Kh1 Ba8 35. Nd4 Rxg3+ 36. Kh2 Rg2+ 37. Kh1 g3 38. Rxf7+ Rxf7 39. Rxf7+ Kh6 40. Nf5+ Qxf5 41. Qd6+ Qg6 42. Qf8+ Qg7 43. Qxg7# 1-0


[Site "https://www.chess.com"]

[Event "Titled Tuesday Blitz September 14 2021"]
[White "Kezin, Roman"]
[Black "Stribuk, Artiom"]
[WhiteFideId "24124621"]
[BlackFideId "13515659"]
[WhiteElo "2570"]
[BlackElo "2224"]
[Result "1-0"]
[Round "08"]
[TimeControl "180+1"]
[Date "2021.09.15"]
[WhiteClock "0:00:40"]
[BlackClock "0:00:01"]

1. d4 Nf6 2. c4 g6 3. Nc3 d5 4. Nf3 Bg7 5. Bg5 Ne4 6. Bh4 Nxc3 7. bxc3 dxc4 8. Qa4+ c6 9. Qxc4 Be6 10. Qa4 Nd7 11. e3 Nb6 12. Qa3 Qd6 13. Qxd6 exd6 14. Nd2 Kd7 15. a4 a5 16. Bd3 Nd5 17. Ra3 f5 18. O-O Rhb8 19. Rb1 Nc7 20. Nc4 Bxc4 21. Bxc4 d5 22. Bd3 Bf8 23. Rab3 Ra7 24. h3 Bd6 25. g4 fxg4 26. hxg4 b5 27. f3 Rab7 28. e4 b4 29. c4 dxe4 30. fxe4 Ne6 31. Bf2 c5 32. e5 Be7 33. d5 Nd4 34. Be4 Nxb3 35. Rxb3 Rc8 36. d6 Rb6 37. dxe7 Kxe7 38. Bd5 Rc7 39. Bh4+ Ke8 40. e6 Rd6 41. Bg3 Ke7 42. Rf3 1-0


[Site "https://www.chess.com"]

[Event "Titled Tuesday Blitz September 14 2021"]
[White "Khusnutdinov, Rustam"]
[Black "Andreikin, Dmitry"]
[WhiteFideId "13701703"]
[BlackFideId "4158814"]
[WhiteElo "2571"]
[BlackElo "2736"]
[Result "1-0"]
[Round "08"]
[TimeControl "180+1"]
[Date "2021.09.15"]
[WhiteClock "0:00:34"]
[BlackClock "0:00:05"]

1. e4 c5 2. Nf3 e6 3. g3 Nc6 4. Bg2 Nf6 5. Qe2 d6 6. O-O e5 7. Nc3 Be7 8. Nd5 Nxd5 9. exd5 Nd4 10. Nxd4 cxd4 11. f4 exf4 12. Rxf4 O-O 13. Rxd4 Bf6 14. Rf4 Re8 15. Qf2 Bg5 16. Re4 Rxe4 17. Bxe4 Bh3 18. d3 g6 19. Bg2 Bxg2 20. Kxg2 Bxc1 21. Rxc1 Qg5 22. Re1 Qxd5+ 23. Qf3 Qxf3+ 24. Kxf3 Kf8 25. Re4 Re8 26. Ra4 a6 27. Rb4 b5 28. a4 Re5 29. g4 f5 30. g5 Rc5 31. c3 Kf7 32. Rh4 Kg7 33. Rd4 bxa4 34. Rxa4 a5 35. c4 d5 36. b3 dxc4 37. bxc4 Kf7 38. d4 Rc7 39. d5 Ke7 40. Ke3 Rb7 41. Kd4 Ra7 42. Ke5 Kd7 43. c5 Ra6 44. h4 Kc7 45. h5 gxh5 46. Kxf5 Kd7 47. Ke5 h4 48. Rxh4 a4 49. Rxh7+ Ke8 50. Rh2 a3 51. Ra2 Kd7 52. c6+ Kc7 53. g6 Ra8 54. g7 Re8+ 55. Kf6 Re3 56. g8=Q 1-0


[Site "https://www.chess.com"]

[Event "Titled Tuesday Blitz September 14 2021"]
[White "Kobalia, Mikhail"]
[Black "Sarana, Alexey"]
[WhiteFideId "4119150"]
[BlackFideId "24133795"]
[WhiteElo "2626"]
[BlackElo "2671"]
[Result "0-1"]
[Round "08"]
[TimeControl "180+1"]
[Date "2021.09.15"]
[WhiteClock "0:00:01"]
[BlackClock "0:00:17"]

1. e4 c5 2. Nf3 d6 3. Bb5+ Bd7 4. Bxd7+ Nxd7 5. O-O e6 6. c3 Ngf6 7. Qe2 Be7 8. Rd1 O-O 9. d4 cxd4 10. cxd4 d5 11. e5 Ne4 12. Ne1 f5 13. f3 Ng5 14. Nd3 Rc8 15. Be3 Nb6 16. Nc3 Nc4 17. Bf2 Nf7 18. Rac1 Qd7 19. b3 Na5 20. Nf4 Bg5 21. Be3 Bxf4 22. Bxf4 Nc6 23. Nb5 a6 24. Nd6 Rc7 25. Nxf5 Nfd8 26. Nh6+ Kh8 27. Qd2 gxh6 28. Bxh6 Rg8 29. Bg5 Rg6 30. Bf6+ Kg8 31. h4 h5 32. Rc3 Nf7 33. Kh2 Nh6 34. g4 hxg4 35. Rg1 Qh7 36. fxg4 Nxg4+ 37. Kh3 Nxf6 38. Rxg6+ Qxg6 39. exf6 Qxf6 40. Qe2 Rg7 41. Rf3 Qg6 0-1


[Site "https://www.chess.com"]

[Event "Titled Tuesday Blitz September 14 2021"]
[White "Kovalev, Vladislav"]
[Black "Halkias, Stelios"]
[WhiteFideId "13504398"]
[BlackFideId "4201809"]
[WhiteElo "2573"]
[BlackElo "2575"]
[Result "1-0"]
[Round "08"]
[TimeControl "180+1"]
[Date "2021.09.15"]
[WhiteClock "0:00:24"]
[BlackClock "0:00:28"]

1. e4 c6 2. Nf3 d5 3. d3 dxe4 4. dxe4 Qxd1+ 5. Kxd1 Nf6 6. Nbd2 Bg4 7. Be2 Nbd7 8. Ne1 Bxe2+ 9. Kxe2 e5 10. a4 a5 11. f3 Nc5 12. Nc4 Nfd7 13. Bd2 b6 14. b3 Kd8 15. Be3 Kc7 16. h4 Be7 17. h5 h6 18. g3 Ne6 19. Nd3 f6 20. f4 Rhe8 21. fxe5 fxe5 22. Raf1 Bf6 23. Rf5 Nd4+ 24. Bxd4 exd4 25. e5 b5 26. axb5 cxb5 27. Nd6 Bxe5 28. Nxe8+ Rxe8 29. Kd1 a4 30. bxa4 bxa4 31. Kd2 Bd6 32. Rd5 Nf6 33. Rxd4 Ne4+ 34. Kc1 Nxg3 35. Rc4+ Kb6 36. Rd1 a3 37. Kb1 Nf5 38. Ka2 Re2 39. Rb1+ Ka5 40. Rc8 1-0


[Site "https://www.chess.com"]

[Event "Titled Tuesday Blitz September 14 2021"]
[White "Makarian, Rudik"]
[Black "FarOut1364"]
[WhiteFideId "44105681"]
[WhiteElo "2411"]
[BlackElo "2743"]
[Result "0-1"]
[Round "08"]
[TimeControl "180+1"]
[Date "2021.09.15"]
[WhiteClock "0:01:32"]
[BlackClock "0:01:04"]

1. d4 Nf6 2. c4 e6 3. Nf3 d5 4. Nc3 a6 5. cxd5 exd5 6. Bg5 Be6 7. Qb3 Nbd7 8. e3 Be7 9. Qxb7 O-O 10. Qb3 c5 11. Qc2 h6 12. Bxf6 Bxf6 13. Bd3 cxd4 14. Nxd4 Bxd4 15. exd4 Qb6 16. O-O-O Rfc8 17. Rhe1 Nf6 18. f3 Rab8 19. Re2 a5 20. Bf5 Bxf5 21. Qxf5 Rc4 22. Qd3 a4 23. Rc2 Rbc8 24. Kb1 Qd6 25. Rdc1 Qxh2 26. Nxd5 Rxc2 27. Nxf6+ gxf6 28. Rxc2 Qg1+ 0-1


[Site "https://www.chess.com"]

[Event "Titled Tuesday Blitz September 14 2021"]
[White "Mikhailovsky, Vladimir"]
[Black "Barrionuevo, Pablo"]
[WhiteFideId "34105414"]
[BlackFideId "110566"]
[WhiteElo "2414"]
[BlackElo "2250"]
[Result "1-0"]
[Round "08"]
[TimeControl "180+1"]
[Date "2021.09.15"]
[WhiteClock "0:01:09"]
[BlackClock "0:01:32"]

1. e4 d6 2. d4 Nf6 3. Bd3 e5 4. c3 d5 5. dxe5 Nxe4 6. Nf3 Nc6 7. O-O Bg4 8. h3 Bh5 9. Bf4 Be7 10. Nbd2 Nxd2 11. Qxd2 Bxf3 12. gxf3 O-O 13. Bg3 Bg5 14. f4 Nxe5 15. Bxh7+ Kxh7 16. Qc2+ Ng6 17. fxg5 Qxg5 18. Kh2 f5 19. Rg1 f4 20. Bh4 Qh5 21. Rg5 Qh6 22. Rag1 Rf6 23. R5g4 Re6 24. Bg5 Qh5 25. Rh4 1-0


[Site "https://www.chess.com"]

[Event "Titled Tuesday Blitz September 14 2021"]
[White "Mirzoev, Azer"]
[Black "Svane, Rasmus"]
[WhiteFideId "13400304"]
[BlackFideId "4657101"]
[WhiteElo "2525"]
[BlackElo "2643"]
[Result "0-1"]
[Round "08"]
[TimeControl "180+1"]
[Date "2021.09.15"]
[WhiteClock "0:00:01"]
[BlackClock "0:00:03"]

1. d4 Nf6 2. Nf3 d5 3. Bf4 e6 4. e3 Bd6 5. Bg3 O-O 6. c4 dxc4 7. Bxc4 c5 8. Nc3 Nc6 9. dxc5 Bxc5 10. O-O Bd7 11. a3 Be7 12. Nb5 Ne4 13. Bc7 Qc8 14. Bd3 Nc5 15. Bd6 Rd8 16. Bxc5 Bxc5 17. Bxh7+ Kxh7 18. Qc2+ Kg8 19. Qxc5 Ne7 20. Qxe7 Bxb5 21. Rfc1 Qd7 22. Qxd7 Rxd7 23. Nd4 Ba6 24. f4 Re8 25. Nf3 Red8 26. Kf2 b6 27. Rc2 Bb7 28. Rac1 f6 29. Rc7 Kf7 30. h3 Kg6 31. g4 Be4 32. R1c3 a5 33. Kg3 Rxc7 34. Rxc7 Rd3 35. Rc3 Rd1 36. h4 Rf1 37. h5+ Kh6 38. Nd2 Rg1+ 39. Kh3 Rh1+ 40. Kg3 Rg1+ 41. Kh3 Bh7 42. e4 Rd1 43. Rc2 Re1 44. f5 exf5 45. exf5 Re2 46. Kg3 Bg8 47. Kf3 Rh2 48. Kg3 Re2 49. Kf3 Re8 50. Rc7 Bd5+ 51. Kf2 Re5 52. Nf1 Re4 53. Ne3 Rf4+ 54. Ke2 Bf3+ 55. Kd3 Bxg4 56. Nxg4+ Rxg4 57. Rb7 Rg5 58. Ke4 Rg4+ 59. Kd3 Rf4 60. Rxb6 Rxf5 61. b4 axb4 62. axb4 Kxh5 63. b5 g5 64. Rb8 Kg4 65. b6 Rb5 66. Kc4 Rb1 67. Kc5 f5 68. Kc6 f4 69. b7 f3 70. Rf8 Kg3 71. b8=Q+ Rxb8 72. Rxb8 f2 73. Rf8 g4 74. Kd5 Kg2 75. Ke4 g3 76. Ke3 f1=Q 0-1


[Site "https://www.chess.com"]